K2, neutral male human Wizard -------- ------ |......| |....| |.......#######..<..| |......| # |....| |......| ####-....| |......| # |....| -|------ ### -.---- # # # # ### # # # ### # ### # # # ### ## # # --.--# ## |...|# -----.-- |...|# |&.....- |....# |.@&.>.| ----- -------- K2 the Conjurer Experience level: 5 Strength: 18 Dexterity: 17 Constitution: 12 Intelligence: 15 Wisdom: 7 Charisma: 10 Health: 0(36) Energy: 33(38) Def: 2 Gold: 265 Moves: 2735 Dungeon seed: Bmaph4GanThME5M8 Game ID: K2_1465154708 Your Inventory: Coins $ - 265 gold pieces Weapons a - a blessed +1 quarterstaff (alternate weapon; not wielded) u - an uncursed +0 elven dagger (weapon in hand) F - an uncursed +0 scimitar N - an uncursed +0 orcish dagger Armor e - an uncursed +0 orcish helm A - a blessed +0 cloak of magic resistance (being worn) D - an uncursed +0 orcish helm (being worn) Comestibles o - an uncursed food ration q - an uncursed egg I - an uncursed partly eaten food ration M - an uncursed lichen corpse Scrolls i - an uncursed scroll of scare monster j - 2 uncursed scrolls of identify t - an uncursed scroll of enchant weapon v - an uncursed scroll of light Spellbooks l - a blessed spellbook of force bolt m - an uncursed spellbook of remove curse Potions f - an uncursed potion of healing g - an uncursed potion of speed h - an uncursed potion of water Rings c - an uncursed +3 ring of gain strength (on left hand) d - an uncursed ring of conflict r - an uncursed ring of stealth Wands b - an uncursed wand of fire (0:4) Tools k - an uncursed skeleton key s - an uncursed stethoscope w - an uncursed magic marker (0:54) Gems y - an uncursed worthless piece of white glass Spells and supernatural/magical abilities: Name Level Category Fail Memory a - force bolt 1 attack 3% 87% r - remove curse 3 clerical 100% 87% W - pray for help -- divine ? -- Your skills at the end: Fighting Skills Weapon Skills quarterstaff [Basic] Spellcasting Skills attack spells [Basic] enchantment spells [Basic] Final Attributes: You were piously aligned. You were magic-protected. You saw invisible. You are dead. Vanquished creatures: a giant mimic a shrieker a floating eye 2 homunculi a wererat an iguana an acid blob 2 hobbits a hobgoblin a gnome zombie a gecko 4 jackals 2 foxes a kobold 3 goblins 2 grid bugs 2 lichens a newt 28 creatures vanquished. Voluntary challenges: You used a wielded weapon 36 times, starting on turn 41. You were illiterate. You never genocided any monsters. You never polymorphed an object. You never changed form. You used no wishes. You never split a pudding. You never wrote Elbereth's name. You never violated your personal moral code. You abstained from Elbereth's help. Dungeon overview: The Dungeons of Doom: levels 1 to 4 Level 1 a fountain a long staircase Level 2 a long staircase Level 3 a general store, an altar to Thoth Level 4 <- You were here a fountain History has recorded: On T:1 you entered the Dungeons of Doom to retrieve the Amulet of Yendor! On T:442 you reached level 2 of The Dungeons of Doom. On T:706 you advanced to experience level 2. On T:710 you reached level 3 of The Dungeons of Doom. On T:1105 you advanced to experience level 3. On T:1379 you advanced to experience level 4. On T:2637 you advanced to experience level 5. On T:2650 you reached level 4 of The Dungeons of Doom. Score breakdown: Gold: 265 ( 8248 points) Experience: 5 levels (11141 points) Exploration: 4 levels ( 8.16%) ( 7500 points) Discoveries: 0 items ( 0.00%) ( 0 points) Valuables value: (no points given unless you survive) Artifact value: 0 ( 0 points) Variety of kills: 18 monsters ( 4.72%) ( 6520 points) Turncount: 2735 turns ( -463 points) Survival: died (score multiplied by 80%) Total score: 26356 Latest messages: You miss the shrieker. You kill the shrieker! Welcome to experience level 5. You kill the gecko! The door opens. You hear someone cursing shoplifters. $ - 151 gold pieces. The door opens. $ - 33 gold pieces. That is a silly thing to drink. You unleash a water demon! The water demon hits! (2x) The water demon bites! You miss the water demon. The incubus hits! (2x) The water demon hits! (2x) The water demon bites! A brilliant blue potion shatters! You smell a peculiar odor... The spell misses the water demon. The incubus hits! You die... Final status: Goodbye K2 the Wizard, killed by an incubus... You died in The Dungeons of Doom on dungeon level 4 with 26356 points, and 265 pieces of gold, after 2735 moves. You were level 5 with a maximum of 36 hit points when you died.